 Dungeon Crawl Stone Soup version 0.21.1-1-g345015fe64 (webtiles) character file.

249 NullDivider the Sneak (level 6, -4/42 HPs)
             Began as an Octopode Assassin on Apr 30, 2018.
             Slain by an orc wizard
             ... wielding a +0 dagger
              (5 damage)
             ... on level 3 of the Dungeon.
             The game lasted 00:11:26 (3208 turns).

NullDivider the Sneak (Octopode Assassin)           Turns: 3208, Time: 00:11:29

Health: -4/42      AC:  2    Str: 11    XL:     6   Next: 12%
Magic:  6/6        EV: 14    Int: 13    God:
Gold:   195        SH:  0    Dex: 15    Spells: 5/5 levels left

rFire    . . .     SeeInvis .   a - +2 dagger
rCold    . . .     Gourm    .   (no shield)
rNeg     . . .     Faith    .   (helmet restricted)
rPois    .         Spirit   .   (no amulet)
rElec    .         Reflect  .   o - +1 ring of protection
rCorr    .         Harm     .   (no ring)
MR       .....                  (no ring)
Stlth    ++........             (no ring)
HPRegen  0.14/turn              (no ring)
MPRegen  0.10/turn              (no ring)
                                (no ring)
                                (no ring)

@: confused
A: almost no armour, stealthy swim, amphibious, 8 rings, constrict 8, camouflage
1, gelatinous body 1
a: no special abilities


You were on level 3 of the Dungeon.
You were not hungry.

You visited 1 branch of the dungeon, and saw 3 of its levels.

You collected 195 gold pieces.

Inventory:

Hand Weapons
 a - a +2 dagger (weapon)
 b - a +0 blowgun
Missiles
 c - 20 poisoned needles
 d - 2 curare-tipped needles
 i - 8 silver javelins (quivered)
Jewellery
 o - a +1 ring of protection (left tentacle)
Wands
 q - a wand of digging (16)
Scrolls
 e - a scroll of enchant armour
 g - a scroll of fear {unknown}
 r - a scroll of identify
 t - a scroll of remove curse
Potions
 h - a potion of cancellation {unknown}
 j - a potion of flight {unknown}
 k - 2 potions of heal wounds
 l - a potion of invisibility {unknown}
 m - 2 potions of brilliance {unknown}
 n - a potion of agility {unknown}
 s - a potion of berserk rage {unknown}
Comestibles
 f - 6 rations
 p - 9 chunks of flesh


   Skills:
 * Level 3.6 Fighting
 * Level 3.4 Short Blades
 + Level 2.8 Throwing
 * Level 2.9 Dodging
 + Level 6.0 Stealth


You had 5 spell levels left.
You didn't know any spells.

Dungeon Overview and Level Annotations

Branches:
Dungeon (3/15)

Altars:
Kikubaaqudgha
Ru
Zin


Innate Abilities, Weirdness & Mutations

You cannot wear most types of armour.
You are very stealthy in the water. (Stealth+)
You are amphibious.
You can wear up to eight rings at the same time.
You can use your tentacles to constrict eight enemies at once.
Your skin changes colour to match your surroundings (Stealth+).
Your rubbery body absorbs attacks. (AC +1, EV +1)


Message History

Something hits you but does no damage. The orc barely misses you.
Something hits you.
* * * LOW HITPOINT WARNING * * *
The orc closely misses you.
You feel much better.
Something hits you. x2; The orc closely misses you.
The orc hits you with a dagger. Something hits you but does no damage.
You completely miss something. Something hits you. x2
The orc closely misses you. The orc misses you.
You closely miss the orc. You squeeze the orc.
The orc is severely wounded.
Something hits you. x2
* * * LOW HITPOINT WARNING * * *
You bump into the rock wall.
Something hits you.
* * * LOW HITPOINT WARNING * * *
The orc hits you with a dagger.
* * * LOW HITPOINT WARNING * * *
The orc hits you with a flail.
* * * LOW HITPOINT WARNING * * *
Something hits you.
You die...

#.##.##.# #...#######
#.[.)...# #......)..#
####.########...####...o..(
#######.#...).............#.##
..........).).............#
####.##)#...)......o........
#.##.#.######.........##.#
#....#.# #oo.####### ##
#..###.# #@..# #..###.# #.{.#
#......# #<..# ##.##### #...#
#####.# .....# ......# ##.#.#
####### .#.# .... .. ##


You could see 3 orcs.

Vanquished Creatures
  An orc wizard (D:3)
  Ijyb (D:3)
  Terence (D:2)
  7 adders
  An ooze (D:1)
  A worm (D:2)
  2 dart slugs (D:1)
  A leopard gecko (D:3)
  13 orcs (D:3)
  9 bats
  2 giant cockroaches
  5 goblins
  12 hobgoblins
  5 jackals (D:1)
  6 kobolds
  2 ball pythons
  4 frilled lizards
  13 rats
86 creatures vanquished.

Notes
Turn   | Place    | Note
-------+----------+-------------------------------------------
     0 | D:1      | NullDivider the Octopode Assassin began the quest for the Orb.
     0 | D:1      | Reached XP level 1. HP: 14/14 MP: 1/1
   206 | D:1      | Reached XP level 2. HP: 17/19 MP: 2/2
   485 | D:1      | Reached XP level 3. HP: 25/25 MP: 3/3
   987 | D:2      | Reached XP level 4. HP: 20/30 MP: 4/4
  1101 | D:2      | Found an ancient bone altar of Kikubaaqudgha.
  2269 | D:3      | Reached XP level 5. HP: 36/36 MP: 5/5
  2276 | D:3      | Noticed Terence
  2296 | D:2      | Killed Terence
  2919 | D:3      | Found a glowing silver altar of Zin.
  2963 | D:3      | Noticed Ijyb
  2985 | D:3      | Killed Ijyb
  2985 | D:3      | Reached XP level 6. HP: 38/42 MP: 6/6
  3041 | D:3      | Found a sacrificial altar of Ru.
  3089 | D:3      | Reached skill level 6 in Stealth
  3208 | D:3      | HP: 1/42 [orc/flail (2)]
  3208 | D:3      | Slain by an orc wizard

Skill      XL: |  1  2  3  4  5  6 |
---------------+-------------------+-----
Dodging        | 2 |  2.9
Fighting       | 3 |  3.6
Short Blades   | 3 |  3.4
Stealth        | 6 |  6.0
Throwing       | |  2.8

Action                   |  1- 3 |  4- 6 || total
-------------------------+-------+-------++-------
Melee: Dagger            |    60 |   132 ||   192
       Constrict         |    13 |    31 ||    44
       Tentacles         |    12 |    22 ||    34
 Fire: Blowgun           |       |     6 ||     6
  Use: Scroll            |     5 |     3 ||     8
       Potion            |       |     1 ||     1
 Stab: Sleeping          |     9 |    11 ||    20
       Distracted        |       |     2 ||     2
  Eat: Chunk             |       |     7 ||     7
Armor: Skin              |     3 |    12 ||    15
Dodge: Dodged            |    37 |    83 ||   120
